 Dungeon Crawl Stone Soup version 0.24-a0-358-g53aee78b01 (webtiles) character file.

Game seed: 4949014341488828717

191 Azzok the Magician (level 5, -16/35 HPs)
             Began as a Mummy Fire Elementalist on May 25, 2019.
             Killed from afar by Purgy (37 damage)
             ... with an exploding inner flame
             ... hexed by the player character
             ... on level 3 of the Dungeon.
             The game lasted 00:04:42 (3568 turns).

Azzok the Magician (Mummy Fire Elementalist)        Turns: 3568, Time: 00:04:43

Health: -16/35     AC:  3    Str: 11    XL:     5   Next: 41%
Magic:  5/11       EV: 12    Int: 16    God:
Gold:   130        SH:  0    Dex: 12    Spells: 8/12 levels left

rFire    x . .     SeeInvis .   (no weapon)
rCold    + . .     Gourm    .   (no shield)
rNeg     + + +     Faith    .   a - +0 robe (curse)
rPois    ∞         Spirit   .   (no helmet)
rElec    .         Reflect  .   (no cloak)
rCorr    .         Harm     .   (no gloves)
MR       .....     Rnd*Tele +   h - +0 pair of boots
Stlth    ++........             (no amulet)
HPRegen  0.11/turn              d - ring of teleportation (curse)
MPRegen  0.12/turn              l - ring of wizardry

@: no status effects
A: no food or potions, fire vulnerability, cold resistance 1, negative energy
resistance 3, torment resistance, unbreathing
a: no special abilities


You were on level 3 of the Dungeon.
You were not hungry.

You visited 1 branch of the dungeon, and saw 4 of its levels.

You collected 130 gold pieces.

Inventory:

Missiles
 c - 10 poisoned darts (quivered)
Armour
 a - a cursed +0 robe (worn)
 g - a +0 buckler
 h - a +0 pair of boots (worn)
 i - a +0 robe of positive energy
Jewellery
 d - a cursed ring of teleportation (left hand)
 l - a ring of wizardry (right hand)
Wands
 b - a wand of clouds (6)
 j - a wand of paralysis (11)
 k - a wand of enslavement (8)
Scrolls
 e - a scroll of enchant armour
 f - a scroll of identify


   Skills:
 - Level 1.5 Dodging
 - Level 1.5 Stealth
 + Level 4.4 Spellcasting
 + Level 2.5 Conjurations
 + Level 3.5 Fire Magic
 + Level 0.5 Evocations


You had 8 spell levels left.
You knew the following spells:

 Your Spells              Type           Power        Failure   Level  Hunger
a - Flame Tongue          Conj/Fire      ##...        1%          1    N/A
b - Conjure Flame         Conj/Fire      ##......     6%          3    N/A

Your spell library contained the following spells:

 Spells                   Type           Power        Failure   Level  Hunger
 Throw Flame              Conj/Fire      ##....       2%          2    N/A
 Inner Flame              Hex/Fire       #.......     10%         3    N/A
 Sticky Flame             Conj/Fire      ##......     19%         4    N/A
 Fireball                 Conj/Fire      ##........   45%         5    N/A

Dungeon Overview and Level Annotations

Branches:
Dungeon (4/15)
 Temple: D:4-7

Altars:
Dithmenos
The Shining One


Innate Abilities, Weirdness & Mutations

You do not eat or drink.
Your flesh is vulnerable to fire.
You are immune to poison.
Your flesh is cold resistant. (rC+)
You are immune to negative energy. (rN+++)
You are immune to unholy pain and torment.
You can survive without breathing.


Message History

Purgy is heavily wounded.
Purgy bites you. Purgy claws you but does no damage. Purgy claws you.
Casting: Flame Tongue (safe; 1% risk of failure)
Confirm with . or Enter, or press ? or * to list all spells.
Aiming: Flame Tongue (safe; 1% risk of failure)
Press: ? - help, Shift-Dir - straight line, f/p - Purgy
Aim: Purgy (heavily wounded, inner flame)
The flame tongue hits Purgy!
Purgy is severely wounded.
Purgy bites you. Purgy completely misses you. Purgy misses you.
Casting: Flame Tongue (safe; 1% risk of failure)
Confirm with . or Enter, or press ? or * to list all spells.
Aiming: Flame Tongue (safe; 1% risk of failure)
Press: ? - help, Shift-Dir - straight line, f/p - Purgy
Aim: Purgy (severely wounded, inner flame)
The flame tongue hits Purgy!
Purgy explodes!
The fiery explosion engulfs you!!! The fire burns you terribly!
Ouch! That really hurt!
You die...

▒·········▒▒· ▒▒
▒▒▒▒▒▒············
▒· ··▒▒·····▒▒▒▒▒▒▒·
▒· ▒ ▒·▒▒·▒▒▒·▒ ▒·
▒·
▒·▒▒·▒▒[▒▒··▒▒▒▒▒▒▒·
▒·
▒···················
▒·
▒▒▒▒·▒▒······▒▒▒▒▒▒▒
▒·▒▒▒▒▒·▒▒·······▒▒
▒(·(§§@·▒···[·>···▒
▒▒▒▒▒▒▒▒▒▒·····(·▒▒
▒▒·····▒▒ ▒▒···▒▒
▒▒·▒▒ ▒▒▒


There were no monsters in sight!

Vanquished Creatures
  Jessica (D:3)
  A worker ant (D:3)
  8 gnolls
  An adder (D:3)
  An ooze (D:1)
  A worm (D:2)
  A dart slug (D:1)
  A leopard gecko (D:3)
  3 giant cockroaches
  6 goblins
  6 hobgoblins
  8 kobolds
  A quokka (D:2)
  2 ball pythons
  2 bats
  A frilled lizard (D:1)
  A jackal zombie (D:3)
  5 rats
50 creatures vanquished.

Notes
Turn   | Place    | Note
-------+----------+-------------------------------------------
     0 | D:1      | Azzok the Mummy Fire Elementalist began the quest for the
                  | Orb.
     0 | D:1      | Reached XP level 1. HP: 13/13 MP: 4/4
   230 | D:1      | Reached skill level 3 in Spellcasting
   230 | D:1      | Reached skill level 1 in Conjurations
   639 | D:1      | Reached XP level 2. HP: 19/19 MP: 0/6
  1507 | D:2      | Found a glowing golden altar of the Shining One.
  1598 | D:2      | Reached XP level 3. HP: 24/24 MP: 5/7
  2107 | D:2      | Reached XP level 4. HP: 30/30 MP: 5/9
  2622 | D:3      | Noticed Jessica
  2625 | D:3      | Killed Jessica
  2625 | D:3      | Reached skill level 4 in Spellcasting
  2738 | D:3      | Learned a level 3 spell: Conjure Flame
  2890 | D:3      | Reached XP level 5. HP: 35/35 MP: 8/11
  3094 | D:3      | Found a shadowy altar of Dithmenos.
  3554 | D:3      | Noticed Purgy
  3568 | D:3      | Killed Purgy
  3568 | D:3      | Killed from afar by Purgy

Levels and vault maps discovered:
D:1:      dpeg_arrival_brainrot, layout_loops_corners,
          chequers_serial_rivers_micro_a
D:2:      layout_rooms, nicolae_overflow_crystal_walls, minivault_25
D:3:      lemuel_upstairs_altar, layout_loops_cross,
          nicolae_ru_the_path_less_chosen, uniq_jessica, uniq_purgy
D:4:      minmay_wonky_spiral, layout_loops_ring, tgw_fedhas

Skill      XL: |  1  2  3  4 |
---------------+-------------+-----
Spellcasting   | 3 4 |  4.4
Conjurations   | 1 2 |  2.5
Fire Magic     | 3 |  3.5
Dodging        | |  1.5
Stealth        | |  1.5
Evocations     | |  0.5

Action                   |  1- 3 |  4- 6 || total
-------------------------+-------+-------++-------
Melee: Unarmed           |     3 |       ||     3
Throw: Dart              |    13 |     5 ||    18
 Cast: Flame Tongue      |    58 |    57 ||   115
  Use: Scroll            |     3 |     1 ||     4
Armor: Robe              |     4 |    10 ||    14
Dodge: Dodged            |    19 |    34 ||    53

Table legend:
 A = Non-vault XP
 B = Vault XP
 C = Vault XP percentage of total XP
 D = Non-vault monster count
 E = Vault monster count
 F = Vault count percentage of total count
                 A         B        C        D         E       F
            +---------+---------+-------+---------+---------+-------
      Total |     236 |      37 |  13.6 |      49 |       1 |   2.0
            +---------+---------+-------+---------+---------+-------
        D:1 |      35 |       0 |   0.0 |      17 |       0 |   0.0
        D:2 |      62 |       0 |   0.0 |      13 |       0 |   0.0
        D:3 |     139 |      37 |  21.0 |      19 |       1 |   5.0
            +---------+---------+-------+---------+---------+-------
